 Dungeon Crawl Stone Soup version 0.28.0-53-g5a82cb258f (webtiles) character file.

Game seed: 17141332467586322624

40 Tirrikindir the Chopper (level 3, -2/33 HPs)
             Began as a Hill Orc Monk on Aug 19, 2022.
             Was a Believer of Makhleb.
             Succumbed to an adder's poison
             ... on level 2 of the Dungeon.
             The game lasted 00:02:50 (1472 turns).

Tirrikindir the Chopper (Hill Orc Monk)             Turns: 1472, Time: 00:02:50

Health: -2/33      AC:  6    Str: 15    XL:     3   Next: 50%
Magic:  3/3        EV: 11    Int: 10    God:    Makhleb [**....]
Gold:   68         SH:  0    Dex: 13    Spells: 2/2 levels left

rFire   . . .      SeeInvis +   a - +0 hand axe
rCold   . . .      Faith    .   (no shield)
rNeg    . . .      Spirit   .   h - +0 ring mail
rPois   .          Reflect  .   (no helmet)
rElec   .          Harm     .   (no cloak)
rCorr   .          Rampage  .   d - +0 pair of gloves
Will    .....                   (no boots)
Stlth   +.........              (no amulet)
HPRegen 0.11/turn               (no ring)
MPRegen 0.08/turn               (no ring)

@: mighty, lethally poisoned (-2 -> -11)
A: see invisible, high MP 1
a: Renounce Religion, Minor Destruction


You were on level 2 of the Dungeon.
You worshipped Makhleb.
Makhleb was pleased with you.
You visited 1 branch of the dungeon, and saw 2 of its levels.

You collected 68 gold pieces.

Inventory:

Hand Weapons
 a - a +0 hand axe (weapon)
 f - a +1 flail of protection
Missiles
 g - 5 poisoned darts
Armour
 d - a +0 pair of gloves (worn)
 h - a +0 ring mail (worn)
Scrolls
 b - 2 scrolls of teleportation
Potions
 e - a potion of might


   Skills:
 + Level 4.0 Fighting
 * Level 4.8 Axes
 + Level 1.2 Armour
 + Level 2.7 Dodging
 - Level 1.5 Stealth
 * Level 0.2 Invocations


You had 2 spell levels left.
You didn't know any spells.
Your spell library was empty.

Dungeon Overview and Level Annotations

Branches:
Dungeon (2/15)

Altars:
Makhleb


Innate Abilities, Weirdness & Mutations

You have supernaturally acute eyesight. (SInv)
You have an increased reservoir of magic. (+10% MP)


Message History

You feel sick. The adder bites you.
You are more poisoned.
The adder poisons you!
You barely miss the adder.
The adder is heavily wounded.
You feel sick. The adder bites you.
You closely miss the adder.
The adder is heavily wounded.
You feel sick. The adder bites you but does no damage.
The adder barely misses you.
You completely miss the adder.
The adder is heavily wounded.
You feel sick. The adder bites you.
You are more poisoned.
The adder poisons you!
You miss the adder.
The adder is heavily wounded.
You feel sick. The adder closely misses you.
You hit the adder.
The adder is severely wounded.
You feel sick. The adder bites you but does no damage.
The adder barely misses you.
You miss the adder.
The adder is severely wounded.
You feel sick. The adder bites you but does no damage.
You miss the adder.
The adder is severely wounded.
You feel sick. The adder bites you.
* * * LOW HITPOINT WARNING * * *
You are lethally poisoned!
The adder poisons you! The adder closely misses you.
You feel very mighty all of a sudden.
* * * LOW HITPOINT WARNING * * *
You feel sick. The adder bites you.
* * * LOW HITPOINT WARNING * * *
You are more poisoned.
The adder poisons you!
You barely miss the adder.
The adder is severely wounded.
You die...

.^....#
.####.#
......# ###
.##.........
..#
.##.....####
#.#
.###...##
#.# .# ##.##
#.# ## #.#
#S# #.# #@#
+#
#####.#####
#.........#
#.........#
#.........#
#
#.........#
+
+..........#
#
##.........#
#
#.........#


You could see an adder.

Vanquished Creatures
  A dart slug (D:1)
  7 bats
  2 endoplasms (D:1)
  2 giant cockroaches
  4 goblins
  A hobgoblin (D:1)
  4 jackals (D:1)
  A quokka (D:1)
  2 ball pythons
  3 frilled lizards (D:1)
  3 kobolds (D:1)
  4 rats (D:1)
34 creatures vanquished.

Notes
Turn   | Place    | Note
-------+----------+-------------------------------------------
     0 | D:1      | Tirrikindir the Hill Orc Monk began the quest for the Orb.
     0 | D:1      | Reached XP level 1. HP: 19/19 MP: 1/1
   377 | D:1      | Reached XP level 2. HP: 22/27 MP: 2/2
   682 | D:1      | Reached skill level 1 in Armour
   730 | D:1      | Reached XP level 3. HP: 32/33 MP: 3/3
   937 | D:1      | Gained mutation: You have an increased reservoir of magic.
                  | (+10% MP) [potion of mutation]
   937 | D:1      | Gained mutation: You have supernaturally acute eyesight.
                  | (SInv) [potion of mutation]
  1216 | D:2      | Found a faded altar of an unknown god.
  1229 | D:2      | Prayed at the altar of an unknown god.
  1229 | D:2      | Became a worshipper of Makhleb the Destroyer
  1229 | D:2      | Reached * piety under Makhleb
  1229 | D:2      | Reached ** piety under Makhleb
  1471 | D:2      | HP: 1/33 [adder (4)]
  1472 | D:2      | Succumbed to an adder's poison

Illustrated notes

Levels and vault maps discovered:
D:1:      ncdulo_smallfort, layout_basic, st_stairs_7, minmay_ruptured
D:2:      layout_loops_corners, ebering_ecumenical_altar_webs

Skill      XL: |  1  2  3 |
---------------+----------+-----
Armour         | 1 |  1.2
Fighting       | 4 |  4.0
Axes           | |  4.8
Dodging        | |  2.7
Stealth        | |  1.5
Invocations    | |  0.2

Action                   || total
-------------------------++-------
Melee: Hand axe          ||    99
Throw: Dart              ||     1
Invok: Minor Destruction ||     3
  Use: Scroll            ||     2
       Potion            ||     2
 Stab: Sleeping          ||     6
Armor: Robe              ||    18
       Ring mail         ||    20
Dodge: Dodged            ||    58
